 Dungeon Crawl Stone Soup version 0.19.5 (webtiles) character file.

3604 snowfan the Destroyer (level 9, -1/45 HPs)
             Began as a Deep Elf Conjurer on Apr 3, 2017.
             Was a Priest of Vehumet.
             Slain by a basilisk (5 damage)
             ... on level 2 of the Lair of Beasts on Apr 4, 2017.
             The game lasted 01:07:01 (9144 turns).

snowfan the Destroyer (Deep Elf Conjurer)           Turns: 9144, Time: 01:07:03

Health: -1/45      AC:  5    Str:  5    XL:     9   Next: 86%
Magic:  30/33      EV:  2    Int: 30    God:    Vehumet [***...]
Gold:   388        SH:  0    Dex: 15    Spells: 6 memorised, 8 levels left

rFire  . . .     SeeInvis .     G - +3 quarterstaff (chaos)
rCold  . . .     Gourm    .     a - +0 robe
rNeg   + + +     Faith    .     (shield currently unavailable)
rPois  ∞         Spirit   .     j - +0 helmet
rElec  .         Reflect  .     H - +0 cloak
rCorr  .         Harm     .     (no gloves)
MR     .....                    T - +0 pair of boots
Stlth  ++........               (no amulet)
                                S - +6 ring of intelligence
                                h - ring of magical power

@: petrified
A: no striking features
a: Renounce Religion


You were on level 2 of the Lair of Beasts.
You worshipped Vehumet.
Vehumet was most pleased with you.
You were not hungry.

You visited 3 branches of the dungeon, and saw 11 of its levels.

You collected 469 gold pieces.
You spent 81 gold pieces at shops.

Inventory:

Hand Weapons
 G - a +3 quarterstaff of chaos (weapon)
Armour
 a - a +0 robe (worn)
 j - a +0 helmet (worn)
 H - a +0 cloak (worn)
 T - a +0 pair of boots (worn)
Jewellery
 e - a cursed ring of teleportation
 h - a ring of magical power (left hand)
 m - an uncursed ring of stealth
 w - a +3 ring of dexterity
 M - an uncursed ring of resist corrosion
 S - a +6 ring of intelligence (right hand)
Wands
 f - a wand of lightning (9/15)
 B - a wand of paralysis (15/24)
 N - a wand of acid (9/15)
Scrolls
 d - 3 scrolls of teleportation
 i - a scroll of remove curse
 n - a scroll of immolation
 r - a scroll of blinking
 E - a scroll of vulnerability {unknown}
 I - a scroll of noise {unknown}
 J - a scroll of amnesia {unknown}
 Q - 2 scrolls of fog
 U - a scroll of torment {unknown}
Potions
 g - 3 potions of lignification
 q - 3 potions of cancellation
 s - 4 potions of curing
 t - 2 potions of might {unknown}
 u - a potion of degeneration {unknown}
 v - 3 potions of heal wounds {unknown}
 x - 4 potions of brilliance {unknown}
 C - a potion of cure mutation {unknown}
 F - a potion of invisibility {unknown}
 L - a potion of resistance {unknown}
 O - a potion of berserk rage {unknown}
 P - a potion of haste {unknown}
Books
 b - a book of Conjurations

   Spells                             Type                      Level
   a - Magic Dart                     Conjuration                  1
   b - Searing Ray                    Conjuration                  2
   c - Dazzling Spray                 Conjuration/Hexes            3
   d - Fulminant Prism                Conjuration/Hexes            4
   e - Iskenderun's Mystic Blast      Conjuration                  4
   f - Iskenderun's Battlesphere      Conjuration/Charms           5
 R - a book of Maledictions

   Spells                             Type                      Level
   a - Corona                         Hexes                        1
   b - Ensorcelled Hibernation        Hexes/Ice                    2
   c - Confuse                        Hexes                        3
   d - Tukima's Dance                 Hexes                        3
   e - Dazzling Spray                 Conjuration/Hexes            3
Comestibles
 c - 3 bread rations
 k - 3 meat rations
 A - 2 beef jerkies


   Skills:
 + Level 8.7 Dodging
 - Level 2.4 Stealth
 + Level 9.9 Spellcasting
 * Level 11.6 Conjurations


You had 8 spell levels left.
You knew the following spells:

 Your Spells              Type           Power        Failure   Level  Hunger
a - Magic Dart            Conj           ####         1%          1    None
c - Conjure Flame         Conj/Fire      #####...     1%          3    None
d - Dazzling Spray        Conj/Hex       #####.       1%          3    None
r - Iskenderun's Battles  Conj/Chrm      #####...     3%          5    ###....
s - Iskenderun's Mystic   Conj           ######..     1%          4    None
v - Confuse               Hex            ##......     14%         3    None


Dungeon Overview and Level Annotations

Branches:
Dungeon (8/15)             Temple (1/1) D:7            Lair (2/6) D:8
  Swamp: Lair:2-4    Shoals: Lair:2-4     Snake: Lair:2-4    Spider: Lair:2-4

Altars:
Ashenzari
Cheibriados
Dithmenos
Elyvilon
Fedhas
Gozag
Hepliaklqana
Kikubaaqudgha
Makhleb
Nemelex Xobeh
Okawaru
Qazlal
Ru
Sif Muna
Trog
Uskayaw
Vehumet
Xom
Yredelemnul
Zin
The Shining One

Shops:
D:5 *

Annotations:
D:8 Joseph


Message History

The basilisk gazes at you.
You are slowing down.
Casting: Iskenderun's Mystic Blast
Confirm with . or Enter, or press ? or * to list all spells.
You don't know that spell.
Unknown command.
Casting: Iskenderun's Mystic Blast
Confirm with . or Enter, or press ? or * to list all spells.
You conjure a globe of magical energy.
The basilisk bites you! The basilisk bites you.
Your limbs are stiffening.
You have turned to stone.
The basilisk bites you!! The basilisk bites you! x2
* * * LOW HITPOINT WARNING * * *
The basilisk barely misses you. The basilisk bites you!
* * * LOW HITPOINT WARNING * * *
The basilisk looks more healthy.
The basilisk bites you. The basilisk bites you!
You die...

##.........#
#..........## .
##..........#.
...............
#.....[...#.#
#...........#
#.....t..tP#
#l## #@*# #.##
#.# ##.## #...#
##..P#
.#.P##..####.#
.......<..P..♣
≈P.#.#..PP....≈≈


You could see a basilisk, a crocodile and a friendly battlesphere.

Vanquished Creatures
  The ghost of HouseofHex the Covert, a novice OpCj of Sif Muna (D:6)
  Eustachio (D:6)
  3 yaks (Lair:1)
  A hungry ghost (D:7)
  A basilisk (Lair:1)
  Edmund (D:6)
  Duvessa (D:6)
  A black bear (D:8)
  3 ice beasts
  2 ogres
  A phantom (D:7)
  A sky beast (D:5)
  A centaur (D:5)
  2 bullfrogs
  2 scorpions (D:4)
  Dowan (D:6)
  4 wights (D:6)
  3 crimson imps (D:5)
  2 hounds
  4 centaur skeletons
  Crazy Yiuf (D:5)
  3 orc priests
  An orc wizard (D:4)
  3 worker ants
  A hound zombie (D:6)
  A hound skeleton (D:4)
  4 gnolls (D:7)
  A howler monkey zombie (D:5)
  9 adders
  2 shadow imps
  2 oozes
  2 adder skeletons
  A worm (D:2)
  A dart slug (D:2)
  9 leopard geckos
  24 orcs
  2 ball pythons
  6 giant cockroaches
  9 goblins
  4 hobgoblins
  10 jackals
  13 kobolds
  5 quokkas
  7 bats
  4 frilled lizards
  A quokka skeleton (D:4)
  6 rats
168 creatures vanquished.

Notes
Turn   | Place    | Note
-------+----------+-------------------------------------------
     0 | D:1      | snowfan the Deep Elf Conjurer began the quest for the Orb.
     0 | D:1      | Reached XP level 1. HP: 10/10 MP: 6/6
   246 | D:1      | Reached XP level 2. HP: 15/15 MP: 5/8
   795 | D:1      | Reached XP level 3. HP: 19/19 MP: 10/10
  1453 | D:2      | Found a radiant altar of Vehumet.
  1464 | D:2      | Became a worshipper of Vehumet
  1711 | D:2      | Reached skill level 5 in Conjurations
  1875 | D:2      | Learned a level 3 spell: Dazzling Spray
  1928 | D:3      | Reached XP level 4. HP: 24/24 MP: 12/12
  2226 | D:3      | Found a hazy altar of Hepliaklqana.
  2767 | D:4      | Learned a level 4 spell: Iskenderun's Mystic Blast
  2787 | D:4      | Noticed an ogre
  2795 | D:4      | Killed an ogre
  2795 | D:4      | Reached XP level 5. HP: 28/28 MP: 3/14
  3245 | D:4      | Reached skill level 5 in Spellcasting
  3290 | D:4      | Reached * piety under Vehumet
  3290 | D:4      | Offered knowledge of Freeze by Vehumet.
  3495 | D:4      | Reached skill level 6 in Conjurations
  3495 | D:4      | Reached XP level 6. HP: 32/32 MP: 7/15
  4074 | D:4      | Found a shattered altar of Ashenzari.
  4181 | D:5      | Entered Level 5 of the Dungeon
  4383 | D:5      | Found Byzo's Assorted Antiques.
  4404 | D:5      | Bought a scroll labeled QENKADGHAOPS for 29 gold pieces
  4404 | D:5      | Bought a purple potion for 26 gold pieces
  4404 | D:5      | Bought a yellow potion for 26 gold pieces
  4530 | D:5      | Noticed an ice beast
  4533 | D:5      | Killed an ice beast
  4533 | D:5      | Reached skill level 5 in Dodging
  4533 | D:5      | Reached skill level 7 in Conjurations
  4533 | D:5      | Reached XP level 7. HP: 36/36 MP: 13/17
  4610 | D:5      | Found a runed door.
  4614 | D:5      | Noticed Crazy Yiuf
  4616 | D:5      | Killed Crazy Yiuf
  5452 | D:6      | Reached skill level 8 in Conjurations
  5755 | D:6      | Reached XP level 8. HP: 41/41 MP: 14/20
  5773 | D:6      | Reached ** piety under Vehumet
  5838 | D:4      | Offered knowledge of Throw Frost by Vehumet.
  6167 | D:6      | Noticed Duvessa
  6167 | D:6      | Noticed Dowan
  6171 | D:6      | Killed Dowan
  6172 | D:6      | Killed Duvessa
  6347 | D:6      | Noticed Eustachio
  6353 | D:6      | Killed Eustachio
  6353 | D:6      | Reached skill level 9 in Conjurations
  6693 | D:6      | Noticed HouseofHex's ghost (novice OpCj)
  6697 | D:6      | Killed HouseofHex's ghost
  6697 | D:6      | Reached skill level 10 in Conjurations
  6697 | D:6      | Reached XP level 9. HP: 42/45 MP: 16/23
  6777 | D:6      | Noticed Edmund
  6794 | D:6      | Killed Edmund
  7089 | D:6      | Found a shadowy altar of Dithmenos.
  7099 | D:6      | Found a hide-covered altar of Uskayaw.
  7694 | D:7      | Offered knowledge of Conjure Flame by Vehumet.
  7831 | D:7      | Learned a level 3 spell: Conjure Flame
  8253 | D:7      | Reached skill level 11 in Conjurations
  8459 | D:7      | Found a staircase to the Ecumenical Temple.
  8468 | Temple   | Entered the Ecumenical Temple
  8708 | D:8      | Found a hazy altar of Hepliaklqana.
  8722 | D:8      | Reached *** piety under Vehumet
  8764 | D:8      | Found a staircase to the Lair.
  8769 | D:8      | Noticed Joseph
  8774 | Lair:1   | Entered Level 1 of the Lair of Beasts
  8955 | Lair:1   | Learned a level 5 spell: Iskenderun's Battlesphere
  8959 | Lair:1   | Learned a level 3 spell: Confuse
  8988 | Lair:1   | Noticed a komodo dragon
  9144 | Lair:2   | Slain by a basilisk

Skill      XL: |  1  2  3  4  5  6  7  8  9 |
---------------+----------------------------+-----
Dodging        | 3 4 5 6 7 8 |  8.7
Spellcasting   | 4 5 7 8 9 |  9.9
Conjurations   | 5 6 7 8 10 11 | 11.6
Stealth        | |  2.4

Action                   |  1- 3 |  4- 6 |  7- 9 || total
-------------------------+-------+-------+-------++-------
Melee: Dagger            |       |     6 |    15 ||    21
       Quarterstaff      |       |       |     5 ||     5
 Cast: Magic Dart        |   103 |    56 |    60 ||   219
       Dazzling Spray    |     1 |    56 |    30 ||    87
       Iskenderun's Myst |       |     3 |   100 ||   103
       Iskenderun's Batt |       |       |     2 ||     2
  Use: Scroll            |     4 |     2 |     7 ||    13
 Stab: Invisible         |       |     2 |       ||     2
       Sleeping          |       |       |     1 ||     1
  Eat: Chunk             |     3 |     6 |    12 ||    21
       Bread ration      |       |     1 |     2 ||     3
       Fruit             |       |       |     2 ||     2
Armor: Robe              |     4 |     1 |     8 ||    13
Dodge: Dodged            |    13 |    24 |    50 ||    87
